 Dungeon Crawl Stone Soup version 0.27-a0-1532-gca18f49f40 (webtiles) character file.

Game seed: 14035553205849199594

512 elagabalus the Basher (level 6, 49/52 HPs)
             Began as a Minotaur Fighter on July 13, 2021.
             Quit the game on level 5 of the Dungeon.
             The game lasted 00:33:37 (3783 turns).

elagabalus the Basher (Minotaur Fighter)            Turns: 3783, Time: 00:33:37

Health: 49/52      AC: 12    Str: 21    XL:     6   Next: 99%
Magic:  5/5        EV:  6    Int:  5    God:
Gold:   1306       SH:  6    Dex: 11    Spells: 5/5 levels left

rFire    . . .     SeeInvis .   i - +0 whip
rCold    . . .     Faith    .   q - +2 buckler
rNeg     . . .     Spirit   .   t - +0 plate armour
rPois    .         Reflect  .   (helmet restricted)
rElec    .         Harm     .   (no cloak)
rCorr    .         Rampage  .   (no gloves)
Will     .....                  s - +0 pair of boots
Stlth    ..........             (no amulet)
HPRegen  0.17/turn              (no ring)
MPRegen  0.09/turn              (no ring)

@: no status effects
A: horns 2, retaliatory headbutt
a: no special abilities


You were on level 5 of the Dungeon.
You visited 1 branch of the dungeon, and saw 5 of its levels.

You collected 1306 gold pieces.

Inventory:

Hand Weapons
 i - a +0 whip (weapon)
Missiles
 e - 119 stones (quivered)
 j - 20 arrows
Armour
 c - a +0 kite shield
 q - a +2 buckler (worn)
 s - a +0 pair of boots (worn)
 t - a +0 plate armour (worn)
Wands
 p - a wand of iceblast (9)
Scrolls
 b - a scroll of teleportation
 h - a scroll of enchant armour
 k - 3 scrolls of amnesia
 n - a scroll of noise
Potions
 a - a potion of mutation {unknown}
 d - 2 potions of might
 f - 2 potions of flight {unknown}
 g - 2 potions of cancellation {unknown}
 l - 2 potions of berserk rage
 m - a potion of degeneration {unknown}
 o - 6 potions of curing
 r - a potion of attraction {unknown}
 u - a potion of heal wounds {unknown}


   Skills:
 - Level 4.0 Fighting
 - Level 8.6 Maces & Flails
 - Level 0.2 Polearms
 - Level 3.6 Armour
 - Level 4.0 Shields
 - Level 0.1 Summonings


You had 5 spell levels left.
You didn't know any spells.
Your spell library was empty.

Dungeon Overview and Level Annotations

Branches:
Dungeon (5/15)             Temple (0/1) D:5

Altars:

Shops:
D:3 [   D:4 *


Innate Abilities, Weirdness & Mutations

You have a pair of horns on your head.
You reflexively headbutt those who attack you in melee.


Message History

You now have 1306 gold pieces (gained 13).
A phantom comes into view.
You hit the phantom.
The phantom is lightly damaged.
You block the phantom's attack.
You hit the phantom but do no damage. You headbutt the phantom.
The phantom is moderately damaged.
You closely miss the phantom.
The phantom is moderately damaged.
You block the phantom's attack.
You barely miss the phantom. Your headbutt misses the phantom.
The phantom is moderately damaged.
The phantom hits you.
The phantom blinks!
You blink.
You hit the phantom but do no damage.
The phantom is moderately damaged.
You hit the phantom but do no damage.
The phantom is moderately damaged.
You block the phantom's attack.
You whack the phantom! Your headbutt misses the phantom.
The phantom is heavily damaged.
The phantom hits you but does no damage.
You hit the phantom but do no damage.
You headbutt the phantom, but do no damage.
The phantom is heavily damaged.
You hit the phantom but do no damage.
The phantom is heavily damaged.
The phantom hits you but does no damage.
Your plate armour prevents you from hitting the phantom.
The phantom is heavily damaged.
The phantom hits you.
You barely miss the phantom. You headbutt the phantom!
The phantom is almost destroyed.
You barely miss the phantom. You headbutt the phantom.
The phantom is almost destroyed.
The phantom barely misses you.
You hit the phantom.
You destroy the phantom!
Training target 4.0 for Fighting reached!
Your Fighting skill increases to level 4!
Are you sure you want to abandon this character and quit the game? (Confirm with "yes".)

#..# #.#####.####...# #.## #.#
P.P# ###.# #.# ##.#####..#####.#
##.###...............#
........## ##ยง##.#..#
.........## #.##.#..#########
##........####.##.#..........###
###...........................#
##.....#.....@........###.#.#
##...##..###..#.####.###.#.#
#..##..## ##.#.#.......)#.#
#....#.# #...#........#.#
#.###..## .###........#.#
#.......# ... .........#.#
######.#...##.##........#.##
#.#.#.# .##............ #.. # .#
........#...


There were no monsters in sight!

Vanquished Creatures
  A necrophage (D:5)
  A phantom (D:5)
  A scorpion (D:4)
  A hound (D:5)
  An iguana (D:5)
  2 orc wizards (D:4)
  8 adders
  An ufetubus (D:5)
  3 worms
  3 dart slugs
  3 orcs
  10 ball pythons
  9 bats
  9 endoplasms
  5 giant cockroaches
  8 goblins
  6 hobgoblins
  10 jackals
  5 kobolds
  5 frilled lizards
  7 rats
99 creatures vanquished.

Vanquished Creatures (others)
  A plant (D:5)
1 creature vanquished.

Grand Total: 100 creatures vanquished

Notes
Turn   | Place    | Note
-------+----------+-------------------------------------------
     0 | D:1      | elagabalus the Minotaur Fighter began the quest for the
                  | Orb.
     0 | D:1      | Reached XP level 1. HP: 19/19 MP: 0/0
   167 | D:1      | Reached skill level 3 in Maces & Flails
   247 | D:1      | Reached XP level 2. HP: 26/26 MP: 1/1
   306 | D:1      | Reached skill level 4 in Maces & Flails
   395 | D:1      | Reached XP level 3. HP: 20/31 MP: 2/2
   767 | D:2      | Found a faded altar of an unknown god.
   906 | D:2      | Reached skill level 5 in Maces & Flails
  1333 | D:2      | Reached XP level 4. HP: 39/39 MP: 3/3
  1896 | D:3      | Found Usaph's Armour Emporium.
  2444 | D:3      | Reached skill level 6 in Maces & Flails
  2923 | D:4      | Reached XP level 5. HP: 42/45 MP: 4/4
  2942 | D:4      | Reached skill level 7 in Maces & Flails
  3067 | D:4      | Found Raon's Overcharged Wands.
  3359 | D:4      | Reached XP level 6. HP: 50/51 MP: 5/5
  3433 | D:5      | Entered Level 5 of the Dungeon
  3531 | D:5      | Found a staircase to the Ecumenical Temple.
  3553 | D:5      | Reached skill level 8 in Maces & Flails
  3674 | D:5      | Identified a scroll of acquirement
  3674 | D:5      | Acquired 1117 gold pieces
  3783 | D:5      | Quit the game

Illustrated notes

Levels and vault maps discovered:
D:1:      minmay_arrival_shattered_statue, layout_loops_ring
D:2:      layout_loops_corners, ebering_ecumenical_altar_webs
D:3:      minmay_skewed_foursquare, layout_loops_corners, serial_shops, shop
D:4:      layout_rooms, minmay_misc_feat_columns, nicolae_shop_overcharged_wands
D:5:      layout_loops_ring, minmay_temple_entry_gardened_gates

Skill      XL: |  1  2  3  4  5  6 |
---------------+-------------------+-----
Maces & Flails | 3 4 5 6 7 8 |  8.6
Shields        | 4 |  4.0
Fighting       | 4 |  4.0
Polearms       | |  0.2
Armour         | |  3.6
Summonings     | |  0.1

Action                   |  1- 3 |  4- 6 || total
-------------------------+-------+-------++-------
Melee: Flail             |    39 |       ||    39
       Headbutt          |    19 |    35 ||    54
       Whip              |    53 |   199 ||   252
  Use: Scroll            |     3 |     6 ||     9
Armor: Scale mail        |    27 |    31 ||    58
       Plate armour      |       |    30 ||    30
Dodge: Dodged            |    20 |    33 ||    53
Block: Kite shield       |    24 |    29 ||    53
       Buckler           |       |    20 ||    20

Table legend: (Time is in decaauts)
 A = Elapsed time spent in this place.
 B = Non-inter-level travel time spent in this place.
 C = Inter-level travel time spent in this place.
 D = Time resting spent in this place.
 E = Time spent auto-exploring this place.
 F = Levels seen in this place.
 G = Mean time per level.
                   A        B        C        D        E       F      G
               +--------+--------+--------+--------+--------+-----+--------+
         Total |   3779 |    814 |   2965 |      0 |      0 |   5 |  755.8 |
       Dungeon |   3779 |    814 |   2965 |      0 |      0 |   5 |  755.8 |
               +--------+--------+--------+--------+--------+-----+--------+

Top non-repeatable levels by time:
     D:3: 1091 daAuts
     D:2: 918 daAuts
     D:1: 786 daAuts
     D:4: 649 daAuts
     D:5: 332 daAuts
